 Dungeon Crawl Stone Soup version 0.29.1-1-gd02db6906a (webtiles) character file.

Game seed: 5209744918746727307

2 Descartes the Ducker (level 1, -1/7 HPs)
             Began as a Felid Wanderer on Oct 21, 2022.
             Slain by an endoplasm (3 damage)
             ... on level 1 of the Dungeon.
             The game lasted 00:00:27 (98 turns).

Descartes the Ducker (Felid Wanderer)                 Turns: 98, Time: 00:00:28

Health: -1/7       AC:  1    Str:  6    XL:     1   Next: 25%
Magic:  4/4        EV: 18    Int: 15    God:
Gold:   0          SH:  0    Dex: 15    Spells: 3/4 levels left
                                        Lives:  0   Deaths: 0

rFire   . . .      SeeInvis +   (weapon unavailable)
rCold   . . .      Faith    .   (shield unavailable)
rNeg    + . .      Spirit   .   (body armour unavailable)
rPois   .          Reflect  .   (helmet unavailable)
rElec   .          Harm     .   (cloak unavailable)
rCorr   .          Rampage  .   (gloves unavailable)
Will    .....                   (boots unavailable)
Stlth   +.........              (no amulet)
HPRegen 0.02/turn               e - ring of positive energy
MPRegen 0.09/turn               (no ring)

@: quick
A: very small, claws 1, fangs 3, see invisible, speed 1, shaggy fur 1, stealthy
paws, no weapons or thrown items, no armour, multi-lived
a: no special abilities


You were on level 1 of the Dungeon.
You visited 1 branch of the dungeon, and saw 1 of its levels.

Inventory:

Jewellery
 e - a ring of positive energy (left paw)
Scrolls
 b - a scroll of summoning
 c - a scroll of enchant weapon {unknown}
 d - a scroll of teleportation {unknown}
Potions
 a - a potion of attraction


   Skills:
 + Level 4.1 Dodging
 + Level 0.1 Unarmed Combat
 - Level 2.0 Spellcasting
 + Level 0.1 Conjurations
 - Level 1.7 Ice Magic
 - Level 3.2 Evocations


You had 3 spell levels left.
You knew the following spells:

 Your Spells              Type           Power      Damage    Failure   Level
a - Freeze                Ice            24%        1d5       11%         1

Your spell library contained the following spells:

 Spells                   Type           Power      Damage    Failure   Level
 Ozocubu's Armour         Ice            6%         N/A       32%         3


Dungeon Overview and Level Annotations

Branches:
Dungeon (1/15)

Altars:


Innate Abilities, Weirdness & Mutations

You have sharp claws.
You have razor-sharp teeth.
You have supernaturally acute eyesight. (SInv)
You cover ground quickly. (Speed+)
You are covered in fur. (AC +1)
Your paws help you pounce on unaware monsters.
You are incapable of wielding weapons or throwing items.
You cannot wear armour.
You gain extra lives every three experience levels.


Message History

The goblin hits you with a +0 dagger.
You scratch the goblin.
You kill the goblin!
No target in view!
HP restored.
e - a ring of positive energy
e - a ring of positive energy (left paw)
A ball python comes into view.
Found 6 stones.
The helpless ball python fails to defend itself.
You scratch the ball python.
You kill the ball python!
No target in view!
You see here a ball python corpse.
Found a stone staircase leading down.
Found a short sword.
There is a stone staircase leading down here.
You open the door.
An endoplasm comes into view.
Found 3 stones and 13 gold pieces.
There is an open door here.
The endoplasm quivers.
You scratch the endoplasm.
The endoplasm is moderately wounded.
The endoplasm freezes you.
You are frozen.
You scratch the endoplasm but do no damage.
The endoplasm is moderately wounded.
The endoplasm hits you.
* * * LOW HITPOINT WARNING * * *
You are too injured to fight recklessly!
You scratch the endoplasm.
The endoplasm is heavily wounded.
The endoplasm closely misses you.
You barely miss the endoplasm.
You claw the endoplasm, but do no damage.
Your bite misses the endoplasm.
The endoplasm is heavily wounded.
The endoplasm hits you.
You die...

#######.....##
###
......+.....#
#..
#######.....#
#)# ##..†.####
#.#
####....###.#
####....># #
#######'#.#
#........##
#....@....#
#...J.....#
#...$(....#
#.........#
#.........#
#...........
#######+#####


You could see an endoplasm.

Vanquished Creatures
  A ball python (D:1)
  A goblin (D:1)
2 creatures vanquished.

Notes
Turn   | Place    | Note
-------+----------+-------------------------------------------
     0 | D:1      | Descartes the Felid Wanderer began the quest for the Orb.
     0 | D:1      | Descartes set off with the following items: a potion of
                  | attraction, a scroll of summoning; and the following spell
                  | memorised: Freeze; and the following spells available to
                  | memorise: Ozocubu's Armour.
     0 | D:1      | Reached XP level 1. HP: 7/7 MP: 4/4
    98 | D:1      | Slain by an endoplasm

Illustrated notes

Levels and vault maps discovered:
D:1:      dpeg_arrival_rooms_b, layout_basic, shapermc_ecumenical_altar_pompeii,
          minmay_cut_off

Action                   || total
-------------------------++-------
Melee: Unarmed           ||     6
       Punch             ||     1
 Stab: Sleeping          ||     1
Dodge: Dodged            ||     1
